 Dungeon Crawl Stone Soup version 0.20-b1-14-g8425815 (webtiles) character file.

206 tof the Sneak (level 5, -3/41 HPs)
             Began as a Demonspawn Assassin on May 23, 2017.
             Slain by a phantom (6 damage)
             ... on level 4 of the Dungeon.
             The game lasted 00:09:40 (3543 turns).

tof the Sneak (Demonspawn Assassin)                 Turns: 3543, Time: 00:09:40

Health: -3/41      AC:  3    Str: 11    XL:     5   Next: 53%
Magic:  0/5        EV: 13    Int: 12    God:
Gold:   131        SH:  0    Dex: 16    Spells: 4/4 levels left

rFire    . . .     SeeInvis .   a - +3 dagger (venom)
rCold    . . .     Gourm    .   (no shield)
rNeg     . . .     Faith    .   c - +0 robe
rPois    .         Spirit   +   (no helmet)
rElec    .         Reflect  .   d - +0 cloak
rCorr    .         Harm     .   (no gloves)
MR       .....                  (no boots)
Stlth    +++.......             (no amulet)
Regen    0.2/turn               (no ring)
MPRegen  0.2/turn               (no ring)

@: no status effects
A: claws 1, magic shield, magic regeneration
a: no special abilities


You were on level 4 of the Dungeon.
You were not hungry.

You visited 1 branch of the dungeon, and saw 4 of its levels.

You collected 131 gold pieces.

Inventory:

Hand Weapons
 a - a +3 dagger of venom (weapon)
 b - a +0 blowgun
 e - a +2 dagger
Missiles
 t - 2 curare-tipped needles
 u - 4 poisoned needles
Armour
 c - a +0 robe (worn)
 d - a +0 cloak (worn)
Jewellery
 z - an uncursed ring of wizardry {unknown}
Scrolls
 h - a scroll of enchant weapon {unknown}
 j - a scroll of immolation {unknown}
 l - a scroll of teleportation {unknown}
 n - a scroll of remove curse {unknown}
 q - a scroll of identify {unknown}
 x - 2 scrolls of amnesia {unknown}
 y - a scroll of fog {unknown}
Potions
 i - 3 potions of curing {unknown}
 o - a potion of degeneration {unknown}
 p - a potion of brilliance {unknown}
 r - a potion of berserk rage {unknown}
 w - a potion of mutation {unknown}
 A - a potion of might {unknown}
 B - a potion of invisibility {unknown}
Books
 f - a book of Conjurations

   Spells                             Type                      Level
   a - Magic Dart                     Conjuration                  1
   b - Searing Ray                    Conjuration                  2
   c - Dazzling Spray                 Conjuration/Hexes            3
   d - Fulminant Prism                Conjuration/Hexes            4
   e - Force Lance                    Conjuration/Translocation    4
   f - Iskenderun's Mystic Blast      Conjuration                  4
Comestibles
 g - 3 bread rations
 k - 2 meat rations
 m - 2 royal jellies
 s - a fruit


   Skills:
 + Level 3.3 Fighting
 + Level 2.6 Short Blades
 + Level 2.9 Throwing
 + Level 2.1 Dodging
 + Level 4.2 Stealth


You had 4 spell levels left.
You didn't know any spells.

Dungeon Overview and Level Annotations

Branches:
Dungeon (4/15)
 Temple: D:4-7

Altars:
Ashenzari
Cheibriados
Hepliaklqana
Makhleb
Nemelex Xobeh
Qazlal
Ru
Sif Muna
Vehumet
Xom
Yredelemnul
The Shining One


Innate Abilities, Weirdness & Mutations

You have sharp fingernails.
When hurt, damage is shared between your health and your magic reserves.
You regenerate magic rapidly.


Message History

You are too injured to fight recklessly!
You are too injured to fight recklessly!
You are too injured to fight recklessly!
You are too injured to fight recklessly!
You are too injured to fight recklessly!
You are too injured to fight recklessly!
You are too injured to fight recklessly!
You are too injured to fight recklessly!
You are too injured to fight recklessly!
You are too injured to fight recklessly!
The phantom hits you.
The phantom blinks!
Things that are here:
a leather armour; a club The phantom hits you!
* * * LOW HITPOINT WARNING * * *
The phantom blinks!
The phantom hits you!
* * * LOW HITPOINT WARNING * * *
The phantom hits you!
You die...

#รท# ########## #.#
#####........###.#
#..............#.#
#................#
#................###
#............(.....##
##.......W..........##
#......@............#
#....<.[...........##
#.................##
##.....#.#.......###
#####.............###
#.#.#.............
########.....#..#######..#
..............### .#
############.##


You could see a phantom.

Vanquished Creatures
  A scorpion (D:3)
  An orc wizard (D:3)
  A worker ant (D:2)
  5 adders
  An ooze (D:2)
  2 worms (D:2)
  2 dart slugs (D:1)
  A leopard gecko (D:3)
  3 orcs
  3 goblins
  7 hobgoblins
  4 jackals (D:4)
  4 kobolds
  A quokka (D:3)
  8 bats
  2 frilled lizards
  5 rats
51 creatures vanquished.

Notes
Turn   | Place    | Note
-------+----------+-------------------------------------------
     0 | D:1      | tof the Demonspawn Assassin began the quest for the Orb.
     0 | D:1      | Reached XP level 1. HP: 16/16 MP: 1/1
    45 | D:1      | Reached skill level 1 in Dodging
   170 | D:1      | Gained mutation: When hurt, damage is shared between your health and your magic reserves. [demonic ancestry]
   170 | D:1      | Reached XP level 2. HP: 10/23 MP: 2/2
   750 | D:2      | Gained mutation: You have sharp fingernails. [demonic ancestry]
   750 | D:2      | Reached XP level 3. HP: 18/28 MP: 3/3
  1544 | D:2      | Found a stormy altar of Qazlal.
  1613 | D:2      | Gained mutation: You regenerate magic rapidly. [demonic ancestry]
  1613 | D:2      | Reached XP level 4. HP: 22/34 MP: 2/4
  1834 | D:2      | Found a burning altar of Makhleb.
  2130 | D:3      | Found a deep blue altar of Sif Muna.
  2254 | D:3      | Found a hazy altar of Hepliaklqana.
  2335 | D:3      | Found a shattered altar of Ashenzari.
  2364 | D:3      | Found a snail-covered altar of Cheibriados.
  2401 | D:3      | Reached skill level 4 in Stealth
  2401 | D:3      | Reached XP level 5. HP: 41/41 MP: 5/5
  2665 | D:3      | Found a sparkling altar of Nemelex Xobeh.
  2789 | D:3      | Found a radiant altar of Vehumet.
  2791 | D:3      | Found an opulent altar of Gozag.
  2791 | D:3      | Found a basalt altar of Yredelemnul.
  2793 | D:3      | Found a glowing golden altar of the Shining One.
  2793 | D:3      | Found a sacrificial altar of Ru.
  2793 | D:3      | Found a shimmering altar of Xom.
  3162 | D:4      | Noticed a phantom
  3543 | D:4      | Slain by a phantom

Skill      XL: |  1  2  3  4 |
---------------+-------------+-----
Dodging        | 1 2 |  2.1
Short Blades   | 2 |  2.6
Throwing       | 2 |  2.9
Fighting       | 3 |  3.3
Stealth        | 4 |  4.2

Action                   |  1- 3 |  4- 6 || total
-------------------------+-------+-------++-------
Melee: Dagger            |    84 |    86 ||   170
 Fire: Blowgun           |    25 |     8 ||    33
 Stab: Sleeping          |     7 |     6 ||    13
  Eat: Chunk             |     2 |     6 ||     8
Armor: Robe              |    27 |    14 ||    41
Dodge: Dodged            |    54 |    50 ||   104
